 Dungeon Crawl Stone Soup version 0.30-b1-2-g02819fbbbe (webtiles) character file.

Game seed: 7740933721822892841

11 Alarkh the Vexing (level 2, 21/21 HPs)
             Began as a Demonspawn Hexslinger on July 8, 2023.
             Got out of the dungeon alive.
             The game lasted 00:00:22 (616 turns).

Alarkh the Vexing (Demonspawn Hexslinger)            Turns: 616, Time: 00:00:23

Health: 21/21      AC:  4    Str: 10    XL:     2   Next: 17%
Magic:  3/3        EV: 12    Int: 14    God:
Gold:   52         SH:  0    Dex: 13    Spells: 2/3 levels left

rFire   . . .        a - +1 sling
rCold   . . .        (no shield)
rNeg    . . .        c - +0 robe
rPois   .            (no helmet)
rElec   .            (no cloak)
rCorr   .            (no gloves)
SInv    .            (no boots)
Will    .....        (no amulet)
Stlth   +            (no ring)
HPRegen 0.23/turn    (no ring)
MPRegen 0.08/turn

%: no passive effects
@: no status effects
A: slimy green scales 1
a: no special abilities


You escaped.
You visited 1 branch of the dungeon, and saw 1 of its levels.

You collected 52 gold pieces.

Inventory:

Hand Weapons
 a - a +1 sling (weapon)
Armour
 c - a +0 robe (worn)
Scrolls
 b - a scroll of poison
 d - a scroll of noise {unknown}
 f - a scroll of torment {unknown}
Potions
 e - a potion of invisibility {unknown}


   Skills:
 + Level 1.4 Fighting
 * Level 2.3 Ranged Weapons
 - Level 1.7 Dodging
 - Level 1.0 Spellcasting
 - Level 3.0 Hexes


You had 2 spell levels left.
You knew the following spells:

 Your Spells              Type           Power      Damage    Failure   Level
a - Slow                  Hex            36%        N/A       8%          1

Your spell library contained the following spells:

 Spells                   Type           Power      Damage    Failure   Level
 Inner Flame              Hex/Fire       4%         N/A       38%         3
 Portal Projectile        Hex/Tloc       8%         N/A       38%         3
 Cause Fear               Hex            4%         N/A       58%         4


Dungeon Overview and Level Annotations

Branches:
Dungeon (1/15)

Altars:


Innate Abilities, Weirdness & Mutations

You are partially covered in slimy green scales. (AC +2)


Message History

You see here a +0 hand axe.
Found a pair of boots.
No target in view!
No target in view!
No target in view!
You see here a +0 pair of boots.
Found a pair of gloves.
No target in view!
No target in view!
You see here a +0 pair of gloves.
There is a shaft here.
There is an open door here.
Found a mace.
A goblin comes into view. It is wielding a +0 club.
Found 10 gold pieces.
A goblin is nearby!
You shoot a sling bullet. The sling bullet hits the goblin.
You kill the goblin!
No target in view!
You now have 52 gold pieces (gained 10).
You see here a +0 club.
You see here a +0 club.
There is an open door here.
e - a brown potion
f - a scroll labelled FASUSS LUNENO An endoplasm comes into view.
You shoot a sling bullet. The sling bullet hits the endoplasm.
You kill the endoplasm!
No target in view!
Done exploring.
No target in view!
Done exploring.
Done exploring.
Done exploring.
Done exploring.
Done exploring.
Unknown command.
There is a staircase leading out of the dungeon here.
Are you sure you want to leave the Dungeon?
This will make you lose the game!
You have escaped!

..............#### #.#.#......
.................## #.#.#.####.
.#.#...........#..#####.#.#.#..#.
..........#..........##.#.#.##.#.
..........#..#.....#.##.#.#......
...........#.#.....#.##.#.#######
...#.#####.#.#.....#.##.#........
####.# #...#.....#.##.#########
.....# ##..#..@..#.#......#
####.## #..#.....#.#......# #..#
##.#.....#.#......# ##.###
#.#.....#.#......## #...#
#.#.....#.##.##...#### ###.#
#...........).........
##'#####.#.........#...#....
#.................#..#......
#.................##...#....


There were no monsters in sight!

Vanquished Creatures
  A dart slug (D:1)
  2 ball pythons (D:1)
  2 endoplasms (D:1)
  A goblin (D:1)
  A bat (D:1)
  3 frilled lizards (D:1)
10 creatures vanquished.

Notes
Turn   | Place    | Note
-------+----------+-------------------------------------------
     0 | D:1      | Alarkh the Demonspawn Hexslinger began the quest for the
                  | Orb.
     0 | D:1      | Reached XP level 1. HP: 15/15 MP: 2/2
    98 | D:1      | Found a faded altar of an unknown god.
   248 | D:1      | Gained mutation: You are partially covered in slimy green
                  | scales. (AC +2) [demonic ancestry]
   248 | D:1      | Reached XP level 2. HP: 21/21 MP: 3/3
   616 | D:$      | Got out of the dungeon alive.

Illustrated notes

Levels and vault maps discovered:
D:1:      minmay_arrival_semitransparent, layout_basic,
          hellmonk_ecumenical_altar_blasted

Skill      XL: |  1 |
---------------+----+-----
Ranged Weapons | 2 |  2.3
Fighting       | |  1.4
Dodging        | |  1.7
Spellcasting   | |  1.0
Hexes          | |  3.0

Action                     || total
---------------------------++-------
   Fire: Sling             ||    34
 Armour: Robe              ||     6
  Dodge: Dodged            ||    20
